 Dungeon Crawl Stone Soup version 0.31-a0-435-g2c6fae2916 (webtiles) character file.

Game seed: 17428767407283635523

777 floatRand the Cudgeller (level 7, -1/66 HPs)
             Began as an Ogre Warper on Aug 1, 2023.
             Was an Initiate of Sif Muna.
             Slain by a bullfrog (7 damage)
             ... on level 4 of the Dungeon.
             The game lasted 00:06:45 (4449 turns).

floatRand the Cudgeller (Ogre Warper)               Turns: 4449, Time: 00:06:45

Health: -1/66      AC:  4    Str: 18    XL:     7   Next: 84%
Magic:  10/10      EV:  9    Int: 20    God:    Sif Muna [......]
Gold:   192        SH:  0    Dex:  8    Spells: 5/10 levels left

rFire   . . .        c - +0 giant spiked club
rCold   . . .        (shield currently unavailable)
rNeg    . . .        b - +0 robe
rPois   .            (helmet restricted)
rElec   .            h - +0 cloak
rCorr   .            (gloves unavailable)
SInv    .            (boots unavailable)
Will    .....        (no amulet)
Stlth   +            g - +6 ring of intelligence
HPRegen 0.31/turn    (no ring)
MPRegen 0.12/turn

%: no passive effects
@: no status effects
A: large, unfitting armour, tough skin 1
a: Renounce Religion


You were on level 4 of the Dungeon.
You worshipped Sif Muna.
Sif Muna was noncommittal.
You visited 1 branch of the dungeon, and saw 5 of its levels.

You collected 192 gold pieces.

Inventory:

Hand Weapons
 a - a +0 mace
 c - a +0 giant spiked club (weapon)
 t - a +0 short sword
 w - the +1 mace of Melee {heavy, rF- rN+ Str+2 Stlth+}
   (You found it on level 4 of the Dungeon)

   Str:       It affects your strength (+2).
   rF:        It makes you vulnerable to fire.
   rN:        It protects you from negative energy.
   Stlth:     It makes you more stealthy.
Missiles
 d - 5 darts of dispersal (quivered)
 s - 6 poisoned darts
Armour
 b - a +0 robe (worn)
 h - a +0 cloak (worn)
Jewellery
 g - a +6 ring of intelligence (left hand)
Scrolls
 f - a scroll of teleportation {unknown}
 i - 3 scrolls of torment
 k - a scroll of revelation
Potions
 e - 4 potions of brilliance
 j - 2 potions of might
 n - a potion of curing
 o - 2 potions of magic
 r - a potion of attraction
 v - a potion of enlightenment {unknown}
 x - 3 potions of haste {unknown}


   Skills:
 - Level 2.6 Fighting
 * Level 7.1 Maces & Flails
 - Level 1.0 Throwing
 - Level 2.1 Dodging
 - Level 2.4 Spellcasting
 + Level 4.3 Translocations
 + Level 0.0 Invocations


You had 5 spell levels left.
You knew the following spells:

 Your Spells              Type           Power      Damage    Failure   Level
a - Blink                 Tloc           38%        N/A       3%          2
b - Teleport Other        Tloc           19%        N/A       8%          3

Your spell library contained the following spells:

 Spells                   Type           Power      Damage    Failure   Level
 Lesser Beckoning         Tloc           38%        N/A       3%          2
 Slow                     Hex            8%         N/A       16%         1
 Summon Small Mammal      Summ           8%         N/A       16%         1
 Vhi's Electric Charge    Tloc/Air       22%        N/A       19%         3
 Cigotuvi's Dreadful Rot  Necr/Pois/Air  4%         N/A       22%         2
 Poisonous Vapours        Pois/Air       4%         N/A       22%         2
 Manifold Assault         Tloc           19%        N/A       26%         4
 Call Canine Familiar     Summ           2%         N/A       41%         3
 Confusing Touch          Hex            2%         N/A       41%         3
 Ignite Poison            Fire/Tmut/Pois 2%         N/A       41%         3
 Mephitic Cloud           Conj/Pois/Air  2%         N/A       41%         3
 Summon Guardian Golem    Hex/Summ       2%         N/A       41%         3
 Vampiric Draining        Necr           2%         2d6       41%         3
 Arcjolt                  Conj/Air       1%         1d11      99%         5
 Freezing Cloud           Conj/Ice/Air   1%         6-21      99%         5
 Plasma Beam              Fire/Air       1%         2x1d11    100%        6
 Orb of Destruction       Conj           1%         9d5       100%        7
 Spellforged Servitor     Conj/Summ      1%         N/A       100%        7


Dungeon Overview and Level Annotations

Branches:
Dungeon (5/15)
 Temple: D:4-7

Altars:
Qazlal
Sif Muna
Uskayaw
Vehumet


Innate Abilities, Weirdness & Mutations

You are too large for most types of armour.
You have tough skin. (AC +1)


Message History

You barely miss the bullfrog. The bullfrog hits you. The bullfrog hits you!
Unknown command.
You closely miss the bullfrog. The bullfrog hits you. x2
The bullfrog barely misses you.
You closely miss the bullfrog. The bullfrog hits you.
The bullfrog completely misses you.
You are too injured to fight recklessly!
You hit the bullfrog.
The bullfrog is moderately wounded.
The bullfrog completely misses you. The bullfrog barely misses you.
You hit the bullfrog.
The bullfrog is heavily wounded.
The bullfrog barely misses you. x2
Unknown command.
You sock the bullfrog!
The bullfrog is almost dead.
The bullfrog hits you. The bullfrog barely misses you.
You closely miss the bullfrog.
The bullfrog is almost dead.
The bullfrog closely misses you. The bullfrog barely misses you.
Unknown command.
You closely miss the bullfrog.
The bullfrog is almost dead.
The bullfrog hits you but does no damage.
The bullfrog completely misses you. The bullfrog hits you.
* * * LOW HITPOINT WARNING * * *
You closely miss the bullfrog.
The bullfrog is almost dead.
The bullfrog barely misses you. The bullfrog hits you!
* * * LOW HITPOINT WARNING * * *
You barely miss the bullfrog.
The bullfrog is almost dead.
The bullfrog barely misses you. The bullfrog closely misses you.
Unknown command.
You closely miss the bullfrog.
The bullfrog is almost dead.
The bullfrog hits you.
* * * LOW HITPOINT WARNING * * *
The bullfrog hits you!
You die...

#####.###..##..#
#.#
###.......###..#
#.#
#.........#*##.#
#.#
#..............#
#.#
#.........####.#
#.# ..........#
#.# #.#
..........#
#.###.#
..........#
#.....#########
..###..####
#..@F##.......#
#.###.##
#.#...........#
......#
#.#####.......#
##.#*** #.#
#.......# ....#
#.# #.......#
#.#.#*** ##.#
#.......#
*,..,,,* #..#
##..##.##
#,,,.,,* #.##
#..##*..#
#,,,,,,* #.#
##.#####.#


You could see a bullfrog.

Vanquished Creatures
  Eustachio (D:4)
  An ice beast (D:5)
  An ogre (D:4)
  A phantom (D:4)
  A scorpion (D:4)
  A howler monkey (D:4)
  3 hounds (D:4)
  An iguana (D:5)
  An orc wizard (D:4)
  6 adders
  3 worms
  An orc (D:4)
  6 bats
  6 endoplasms
  6 giant cockroaches
  10 hobgoblins
  5 jackals
  6 kobolds
  3 quokkas
  5 ball pythons
  6 frilled lizards
  3 goblins
  5 rats
82 creatures vanquished.

Notes
Turn   | Place    | Note
-------+----------+-------------------------------------------
     0 | D:1      | floatRand the Ogre Warper began the quest for the Orb.
     0 | D:1      | Reached XP level 1. HP: 22/22 MP: 3/3
   111 | D:1      | Reached skill level 2 in Maces & Flails
   181 | D:1      | Reached XP level 2. HP: 29/29 MP: 5/5
   391 | D:1      | Learned a level 2 spell: Blink
   684 | D:1      | Found a faded altar of an unknown god.
  1127 | D:2      | Found a radiant altar of Vehumet.
  1134 | D:2      | Reached skill level 3 in Maces & Flails
  1223 | D:2      | Reached XP level 3. HP: 36/36 MP: 6/6
  1480 | D:2      | Learned a level 3 spell: Teleport Other
  2471 | D:3      | Reached XP level 4. HP: 42/44 MP: 7/7
  2557 | D:3      | Reached skill level 4 in Maces & Flails
  2868 | D:4      | Identified the +1 mace of Melee {heavy, rF- rN+ Str+2
                  | Stlth+}
  2951 | D:4      | Noticed a scorpion
  2961 | D:4      | Killed a scorpion
  2962 | D:4      | Reached skill level 5 in Maces & Flails
  2962 | D:4      | Reached XP level 5. HP: 50/50 MP: 8/8
  3493 | D:4      | Noticed Eustachio
  3502 | D:5      | Entered Level 5 of the Dungeon
  3502 | D:5      | Found a shimmering blue altar of Sif Muna.
  3522 | D:4      | Reached XP level 6. HP: 31/59 MP: 9/9
  3546 | D:4      | Killed Eustachio
  3547 | D:4      | Reached skill level 6 in Maces & Flails
  3553 | D:4      | Reached XP level 7. HP: 25/66 MP: 10/10
  4080 | D:4      | Found a stormy altar of Qazlal.
  4229 | D:5      | Reached skill level 7 in Maces & Flails
  4235 | D:5      | Became a worshipper of Sif Muna the Loreminder
  4251 | D:5      | Found a hide-covered altar of Uskayaw.
  4449 | D:4      | Slain by a bullfrog

Illustrated notes

Levels and vault maps discovered:
D:1:      saegor_arrival_miasma, layout_basic, chequers_ecumenical_altar_lobes
D:2:      layout_basic, basic_altar
D:3:      layout_basic
D:4:      layout_rooms, kennysheep_mini_moat, grunt_ministairs_7,
          minmay_divided_ellipse, uniq_eustachio
D:5:      layout_cave_pools, mainiacjoe_overflow_alcove_4,
          mainiacjoe_overflow_catwalk, mainiacjoe_overflow_small_starburst,
          serial_shops, nicolae_shop_just_a_little_nook, shop_coins, shop,
          nicolae_shop_tiny_waterfront, minmay_hollow_rounded_squares

Skill      XL: |  1  2  3  4  5  6  7 |
---------------+----------------------+-----
Maces & Flails | 2 3 5 6 7 |  7.1
Translocations | 3 4 |  4.3
Fighting       | |  2.6
Throwing       | |  1.0
Dodging        | |  2.1
Spellcasting   | |  2.4

Action                     |  1- 3 |  4- 6 |  7- 9 || total
---------------------------+-------+-------+-------++-------
  Melee: Mace              |   133 |   115 |     6 ||   254
         Punch             |     2 |       |       ||     2
         Giant spiked club |       |       |    59 ||    59
  Throw: Dart              |       |     5 |     7 ||    12
    Use: Scroll            |     4 |       |     7 ||    11
         Potion            |       |     5 |       ||     5
   Stab: Sleeping          |     1 |       |       ||     1
 Armour: Robe              |    49 |    39 |    34 ||   122
         Skin              |       |    39 |       ||    39
  Dodge: Dodged            |    96 |    60 |    47 ||   203

Table legend: (Time is in decaauts)
 A = Elapsed time spent in this place.
 B = Non-inter-level travel time spent in this place.
 C = Inter-level travel time spent in this place.
 D = Time resting spent in this place.
 E = Time spent auto-exploring this place.
 F = Levels seen in this place.
 G = Mean time per level.
                   A        B        C        D        E       F      G
               +--------+--------+--------+--------+--------+-----+--------+
         Total |   4530 |   4432 |     98 |    947 |   2327 |   5 |  906.0 |
       Dungeon |   4530 |   4432 |     98 |    947 |   2327 |   5 |  906.0 |
               +--------+--------+--------+--------+--------+-----+--------+

Top non-repeatable levels by time:
     D:4: 1397 daAuts
     D:2: 1293 daAuts
     D:1: 980 daAuts
     D:3: 794 daAuts
     D:5: 64 daAuts
